 Dungeon Crawl Stone Soup version 0.20.1-1-g8b1a95d (webtiles) character file.

74 Inchmeat the Poker (level 4, 0/29 HPs)
             Began as a Merfolk Skald on Nov 22, 2017.
             Hit by a stone thrown by something (1 damage)
             ... on level 2 of the Dungeon.
             The game lasted 00:03:33 (1998 turns).

Inchmeat the Poker (Merfolk Skald)                  Turns: 1998, Time: 00:03:33

Health: 0/29       AC:  5    Str: 11    XL:     4   Next: 30%
Magic:  5/7        EV: 12    Int: 13    God:
Gold:   15         SH:  0    Dex: 13    Spells: 1/7 levels left

rFire    . . .     SeeInvis .   a - +1 spear
rCold    . . .     Gourm    .   (no shield)
rNeg     + . .     Faith    .   b - +1 leather armour
rPois    .         Spirit   .   (no helmet)
rElec    .         Reflect  .   (no cloak)
rCorr    .         Harm     .   (no gloves)
MR       .....                  (no boots)
Stlth    +.........             (no amulet)
Regen    0.1/turn               q - ring of positive energy
MPRegen  0.1/turn               (no ring)

@: infused
A: change form in water, swift swim, stealthy swim, frail 1, shaggy fur 1,
subdued magic 1
a: no special abilities


You were on level 2 of the Dungeon.
You were hungry.

You visited 1 branch of the dungeon, and saw 2 of its levels.

You collected 15 gold pieces.

Inventory:

Hand Weapons
 a - a +1 spear (weapon)
Armour
 b - a +1 leather armour (worn)
 n - a +0 ring mail of poison resistance
Jewellery
 q - a ring of positive energy (left hand)
Scrolls
 e - a scroll of blinking {unknown}
 g - 2 scrolls of enchant weapon
Books
 c - a book of Battle

   Spells                             Type                      Level
   a - Infusion                       Charms                       1
   b - Shroud of Golubria             Charms/Translocation         2
   c - Song of Slaying                Charms                       2
   d - Spectral Weapon                Hexes/Charms                 3
   e - Regeneration                   Charms/Necromancy            3
Comestibles
 d - 2 bread rations


   Skills:
 - Level 2.1 Fighting
 * Level 6.4 Polearms
 - Level 0.6 Armour
 - Level 2.6 Dodging
 - Level 2.0 Spellcasting
 - Level 3.2 Charms


You had one spell level left.
You knew the following spells:

 Your Spells              Type           Power        Failure   Level  Hunger
a - Infusion              Chrm           #...         7%          1    ##.....
b - Song of Slaying       Chrm           #.......     11%         2    ###....
c - Spectral Weapon       Hex/Chrm       #.......     41%         3    ####...


Dungeon Overview and Level Annotations

Branches:
Dungeon (2/15)

Altars:


Innate Abilities, Weirdness & Mutations

You revert to your normal form in water.
You are very nimble and swift while swimming.
You are very stealthy in the water. (Stealth+)
You are frail. (-10% HP)
You are covered in fur. (AC +1)
Your spells are a little easier to cast, but a little less powerful.


Message History

Confirm wit' . or Enter, or press ? or * ta list all spells.
Ye begin infusin' yer attacks wit' magical energy.
Tha gnoll throws a stone.
Tha stone closely misses ye.
A stone appears from outta thin air!
Tha stone hits ye.
Tha gnoll closely misses ye.
Somethin' hits ye.
Thar be an op'n door 'ere.
Ye hit tha gnoll.
Tha gnoll be moderately wounded.
Somethin' hits ye.
* * * LOW HITPOINT WARNIN'
* * * Tha gnoll barely misses ye.
Tha gnoll throws a stone.
Tha stone closely misses ye.
A stone appears from outta thin air!
Tha stone barely misses ye.
Tha gnoll throws a stone.
Tha stone barely misses ye.
Tha gnoll throws a stone.
Tha stone hits ye.
* * * LOW HITPOINT WARNIN'
* * * A stone appears from outta thin air!
Tha stone hits ye but does nay damage.
Ye see 'ere 2 stones.
A stone appears from outta thin air!
Tha stone hits ye.
Ye die...

###.##..##...###...# #..
#..)
###...##.##...(.##...##...
#.##
#...####.#.......#...#....
#.# #.###
#.#.(..((('...'.... #.#
#.# ###.#..(....#...#...
#. ..####...##.....##...##
..........##...##.....##
..###.###########(.....##
..##..####....).@.(.......
##.........###############
###########


There were no monsters in sight!

Vanquished Creatures
  A gnoll (D:2)
  3 adders (D:2)
  A worm (D:2)
  A dart slug (D:1)
  A leopard gecko (D:2)
  4 bats
  2 giant cockroaches
  3 goblins
  8 hobgoblins
  2 frilled lizards (D:1)
  A kobold (D:1)
  7 rats
34 creatures vanquished.

Notes
Turn   | Place    | Note
-------+----------+-------------------------------------------
     0 | D:1      | Inchmeat the Merfolk Skald began the quest for the Orb.
     0 | D:1      | Reached XP level 1. HP: 16/16 MP: 3/3
   175 | D:1      | Reached skill level 4 in Polearms
   175 | D:1      | Reached XP level 2. HP: 22/22 MP: 5/5
   805 | D:2      | Reached XP level 3. HP: 24/27 MP: 2/6
   815 | D:2      | Reached skill level 5 in Polearms
  1538 | D:2      | Learned a level 1 spell: Infusion
  1541 | D:2      | Learned a level 2 spell: Song of Slaying
  1545 | D:2      | Learned a level 3 spell: Spectral Weapon
  1656 | D:2      | Reached skill level 6 in Polearms
  1656 | D:2      | Reached XP level 4. HP: 31/33 MP: 0/7
  1677 | D:2      | Gained mutation: Your spells are a little easier to cast, but a little less powerful. [potion of mutation]
  1677 | D:2      | Gained mutation: You are frail. (-10% HP) [potion of mutation]
  1677 | D:2      | Gained mutation: You are covered in fur. (AC +1) [potion of mutation]
  1997 | D:2      | HP: 1/29 [gnoll/stone (5)]
  1998 | D:2      | Hit by a stone thrown by something

Skill      XL: |  1  2  3 |
---------------+----------+-----
Polearms       | 4 6 |  6.4
Fighting       | |  2.1
Armour         | |  0.6
Dodging        | |  2.6
Spellcasting   | |  2.0
Charms         | |  3.2

Action                   |  1- 3 |  4- 6 || total
-------------------------+-------+-------++-------
Melee: Spear             |    93 |    23 ||   116
       Tailslap          |     1 |       ||     1
 Cast: Infusion          |     8 |     2 ||    10
  Use: Scroll            |     9 |       ||     9
       Potion            |       |     3 ||     3
 Stab: Sleeping          |     2 |       ||     2
  Eat: Chunk             |     2 |     1 ||     3
Armor: Leather armour    |     8 |     3 ||    11
Dodge: Dodged            |    34 |    22 ||    56
